General information
- name: BNet
- type: Ladder team game (AT/RT)
- host: Battle.net
- saver: noooooobs
map: GnollWood
- players: 4
- length: 18:17
- speed: Fast
- version: 1.24 W3XP
- replay type: Public
» download(122 KB)
Players
team 1 (loser)
bnmbnm (
yellow | 111 APM | 2035 actions | 18:15)
2 Demon Hunter
1 Mana Burn
1 Evasion
1 Beastmaster
1 Summon Quilbeast
» actions
| Assign group hotkey | 28 | |
| Build / train | 53 | |
| Enter build submenu | 16 | |
| Enter hero's abilities submenu | 3 | |
| Give item / drop item | 1 | |
| Right click | 993 | |
| Select / deselect | 223 | |
| Select group hotkey | 639 | |
| Use ability | 78 | |
2035 total
» units
| Wisp | 11 | |
| Archer | 6 | |
| Dryad | 2 | |
| Druid of the Claw | 6 | |
25 total
» upgrades
| Abolish Magic | 1 | |
| Druid of the Claw Training | 2 | |
| Moon Armor | 1 | |
| Mark of the Claw | 1 | |
5 total
» buildings
| Altar of Elders | 1 | |
| Moon Well | 7 | |
| Ancient of War | 1 | |
| Tree of Ages | 3 | |
| Ancient of Wonders | 1 | |
| Hunter's Hall | 1 | |
| Ancient of Lore | 4 | |
| Tree of Eternity | 1 | |
19 total
» build order
00:09 Altar of Elders
00:20 Moon Well
00:48 Ancient of War
01:38 Moon Well
02:10 Moon Well
02:59 Tree of Ages
02:59 Tree of Ages
03:53 Ancient of Wonders
03:56 Hunter's Hall
05:52 Ancient of Lore
05:56 Ancient of Lore
07:20 Tree of Eternity
07:23 Ancient of Lore
07:52 Ancient of Lore
12:05 Moon Well
12:07 Moon Well
13:07 Moon Well
13:09 Moon Well
» items
| Boots of Speed | 1 | |
| Lesser Clarity Potion | 2 | |
| Potion of Healing | 4 | |
| Scroll of Town Portal | 3 | |
| Staff of Preservation | 1 | |
| Orb of Venom | 1 | |
| Potion of Lesser Invulnerability | 1 | |
13 total
player-des (
orange | 103 APM | 1884 actions | 18:15)
3 Death Knight
2 Death Coil
1 Unholy Aura
3 Lich
2 Frost Nova
1 Frost Armor
» actions
| Assign group hotkey | 65 | |
| Build / train | 52 | |
| Enter build submenu | 13 | |
| Enter hero's abilities submenu | 6 | |
| Give item / drop item | 1 | |
| Remove unit from queue | 3 | |
| Right click | 773 | |
| Select / deselect | 379 | |
| Select group hotkey | 520 | |
| Use ability | 72 | |
1884 total
» units
| Acolyte | 2 | |
| Ghoul | 4 | |
| Crypt Fiend | 7 | |
| Obsidian Statue | 9 | |
22 total
» upgrades
| Creature Carapace | 3 | |
| Creature Attack | 1 | |
| Destroyer Form | 1 | |
5 total
» buildings
| Crypt | 1 | |
| Graveyard | 1 | |
| Altar of Darkness | 1 | |
| Ziggurat | 6 | |
| Tomb of Relics | 1 | |
| Nerubian Tower | 1 | |
| Halls of the Dead | 2 | |
| Spirit Tower | 2 | |
| Black Citadel | 1 | |
| Slaughterhouse | 2 | |
18 total
» build order
00:36 Crypt
00:39 Graveyard
00:42 Altar of Darkness
00:46 Ziggurat
01:01 Ziggurat
01:15 Tomb of Relics
02:42 Nerubian Tower
04:57 Halls of the Dead
05:15 Ziggurat
05:17 Ziggurat
05:20 Spirit Tower
07:47 Black Citadel
09:02 Slaughterhouse
09:03 Slaughterhouse
11:46 Ziggurat
11:47 Ziggurat
14:49 Spirit Tower
» items
| Rod of Necromancy | 1 | |
| Scroll of Town Portal | 3 | |
| Scroll of Protection | 2 | |
6 total
team 2 (winner)

»
noooooobs (
purple | 120 APM | 2192 actions | 18:17)
5 Archmage
3 Summon Water Elemental
2 Brilliance Aura
4 Mountain King
2 Storm Bolt
2 Thunder Clap
» actions
| Assign group hotkey | 40 | |
| Basic commands | 7 | |
| Build / train | 75 | |
| ESC pressed | 1 | |
| Enter build submenu | 29 | |
| Enter hero's abilities submenu | 9 | |
| Give item / drop item | 4 | |
| Remove unit from queue | 1 | |
| Right click | 684 | |
| Select / deselect | 683 | |
| Select group hotkey | 549 | |
| Use ability | 110 | |
2192 total
» units
| Peasant | 10 | |
| Footman | 6 | |
| Priest | 7 | |
| Sorceress | 4 | |
| Spell Breaker | 11 | |
38 total
» upgrades
| Priest Training | 1 | |
| Masonry | 2 | |
| Magic Sentry | 1 | |
| Swords | 1 | |
| Plating | 1 | |
6 total
» buildings
| Altar of Kings | 2 | |
| Barracks | 1 | |
| Farm | 10 | |
| Scout Tower | 7 | |
| Arcane Tower | 2 | |
| Keep | 2 | |
| Arcane Vault | 1 | |
| Lumber Mill | 1 | |
| Arcane Sanctum | 2 | |
| Town Hall | 1 | |
| Guard Tower | 4 | |
| Blacksmith | 1 | |
34 total
» build order
00:06 Altar of Kings
00:07 Altar of Kings
00:20 Barracks
00:34 Farm
00:49 Farm
02:11 Farm
02:14 Scout Tower
02:20 Farm
02:45 Arcane Tower
03:52 Keep
03:52 Keep
03:55 Arcane Vault
04:10 Farm
04:15 Scout Tower
05:04 Lumber Mill
05:13 Arcane Tower
05:14 Farm
05:17 Scout Tower
06:22 Arcane Sanctum
06:23 Arcane Sanctum
09:14 Farm
10:02 Farm
10:46 Town Hall
10:51 Scout Tower
11:20 Guard Tower
11:21 Scout Tower
13:10 Blacksmith
13:13 Guard Tower
13:32 Scout Tower
13:34 Scout Tower
14:03 Guard Tower
14:22 Guard Tower
17:08 Farm
17:09 Farm
» items
| Boots of Speed | 1 | |
| Scroll of Regeneration | 2 | |
| Lesser Clarity Potion | 2 | |
| Potion of Lesser Invulnerability | 1 | |
| Scroll of Healing | 3 | |
| Scroll of Town Portal | 1 | |
10 total
OnlyFun (
pink | 162 APM | 2952 actions | 18:16)
4 Death Knight
2 Death Coil
2 Unholy Aura
3 Lich
2 Frost Nova
1 Frost Armor
2 Crypt Lord
1 Impale
1 Spiked Carapace
» actions
| Assign group hotkey | 252 | |
| Basic commands | 196 | |
| Build / train | 104 | |
| ESC pressed | 1 | |
| Enter build submenu | 12 | |
| Enter hero's abilities submenu | 10 | |
| Give item / drop item | 6 | |
| Remove unit from queue | 4 | |
| Right click | 1030 | |
| Select / deselect | 297 | |
| Select group hotkey | 878 | |
| Use ability | 162 | |
2952 total
» units
| Acolyte | 11 | |
| Ghoul | 8 | |
| Crypt Fiend | 10 | |
| Obsidian Statue | 2 | |
31 total
» upgrades
| Destroyer Form | 1 | |
| Ghoul Frenzy | 1 | |
| Web | 1 | |
| Burrow | 1 | |
| Creature Attack | 1 | |
5 total
» buildings
| Altar of Darkness | 1 | |
| Ziggurat | 5 | |
| Crypt | 1 | |
| Tomb of Relics | 1 | |
| Graveyard | 1 | |
| Halls of the Dead | 1 | |
| Nerubian Tower | 1 | |
| Black Citadel | 6 | |
| Slaughterhouse | 1 | |
18 total
» build order
00:08 Altar of Darkness
00:10 Ziggurat
00:36 Crypt
01:03 Tomb of Relics
01:16 Ziggurat
02:08 Graveyard
02:55 Halls of the Dead
05:15 Nerubian Tower
07:01 Black Citadel
07:02 Black Citadel
07:02 Black Citadel
07:32 Ziggurat
07:59 Slaughterhouse
12:25 Ziggurat
17:27 Ziggurat
» items
| Rod of Necromancy | 1 | |
| Dust of Appearance | 1 | |
| Staff of Teleportation | 1 | |
| Orb of Corruption | 1 | |
| Potion of Healing | 2 | |
| Scroll of Town Portal | 1 | |
| Scroll of Protection | 1 | |
| Potion of Lesser Invulnerability | 2 | |
| Scroll of Healing | 2 | |
12 total
Chat log
(00:10 / Allies) noooooobs: lal
(00:13 / Allies) noooooobs: 3 times xD
(00:14 / Allies) OnlyFun: i go hara44
(00:26 / Allies) OnlyFun: i go late fiends
(00:30 / Allies) noooooobs: 3 times this map and 3 times human
(00:38 / Allies) noooooobs: ok
(00:40 / Allies) OnlyFun: ^^
(00:44 / Allies) noooooobs: what their races?
(00:48 / Allies) OnlyFun: no idea xD
(00:57 / Allies) OnlyFun: ill scout my side
(01:35 / Allies) noooooobs: sahre
(01:49 / Allies) OnlyFun: ud
(01:58 / Allies) OnlyFun: elf
(05:33 / Allies) OnlyFun: u dragon
(05:39 / Allies) noooooobs: dh in base
(05:44 / Allies) noooooobs: mot anymore
(06:44 / Allies) noooooobs: check exe
(07:18 / Allies) OnlyFun: dk no life
(08:14 / Allies) OnlyFun: dk
(09:50 / Allies) noooooobs: ffs
(09:54 / Allies) OnlyFun: what ?
(10:07 / Allies) noooooobs: almost dh down
(10:15 / Allies) OnlyFun: we will win :)
(10:54 / Allies) OnlyFun: dk dead
(10:56 / Allies) noooooobs: gj
(11:53 / Allies) noooooobs: exe up
(11:54 / Allies) noooooobs: np
(12:00 / Allies) OnlyFun: ty
(12:39 / Allies) noooooobs: h3
(12:45 / Allies) OnlyFun: tp b
(13:40 / Allies) noooooobs: get scroll
(14:28 / Allies) noooooobs: got no tp
(14:30 / Allies) noooooobs: need?
(14:35 / Allies) OnlyFun: no itso k
(14:49 / Allies) noooooobs: got1 now
(16:56 / Allies) noooooobs: go next
(17:07 / Allies) OnlyFun: k